 Dungeon Crawl Stone Soup version 0.21-a0-442-g848f44b (webtiles) character file.

1111 nublet the Insei (level 8, -3/54 HPs)
             Began as a Demonspawn Enchanter on Nov 12, 2017.
             Was a Believer of Makhleb.
             Slain by a black bear (4 damage)
             ... on level 7 of the Dungeon.
             The game lasted 00:23:32 (4131 turns).

nublet the Insei (Demonspawn Enchanter)             Turns: 4131, Time: 00:23:34

Health: -3/54      AC:  4    Str:  9    XL:     8   Next: 11%
Magic:  0/21       EV: 12    Int: 17    God:    Makhleb [**....]
Gold:   282        SH:  0    Dex: 15    Spells: 7/12 levels left

rFire    . . .     SeeInvis +   a - +1 dagger
rCold    + . .     Gourm    .   (no shield)
rNeg     . . .     Faith    .   b - +0 robe
rPois    .         Spirit   .   (helmet restricted)
rElec    .         Reflect  .   (no cloak)
rCorr    .         Harm     .   (no gloves)
MR       .....                  (no boots)
Stlth    +++.......             (no amulet)
HPRegen  0.18/turn              j - ring of magical power
MPRegen  0.17/turn              (no ring)

@: lethally poisoned (-3 -> -4)
A: claws 2, horns 1, talons 1, thin metallic scales 1, see invisible, cold
resistance 1, frail 1, powered by death 1, powered by pain 1, no potion heal 1
a: Minor Destruction, Renounce Religion


You were on level 7 of the Dungeon.
You worshipped Makhleb.
Makhleb was pleased with you.
You were very hungry.

You visited 1 branch of the dungeon, and saw 7 of its levels.

You collected 282 gold pieces.

Inventory:

Hand Weapons
 a - a +1 dagger (weapon)
Armour
 b - a +0 robe (worn)
 n - a +0 helmet
 u - a +0 ring mail of fire resistance
Jewellery
 j - a ring of magical power (left claw)
Wands
 w - a wand of digging (8/24)
 y - a wand of polymorph (12/24)
Scrolls
 e - a scroll of fog
 h - 2 scrolls of recharging
 i - a scroll of fear {unknown}
 l - a scroll of blinking {unknown}
 m - 4 scrolls of teleportation
 o - 4 scrolls of remove curse
 s - a scroll of enchant weapon {unknown}
 v - a scroll of amnesia
Potions
 f - a potion of heal wounds
 q - 5 potions of curing
 r - a potion of lignification
 x - a potion of berserk rage
 z - a potion of agility
 A - a potion of resistance {unknown}
 C - a potion of ambrosia {unknown}
 D - a potion of haste {unknown}
 E - a potion of degeneration {unknown}
Books
 c - a book of Maledictions

   Spells                             Type                      Level
   a - Corona                         Hexes                        1
   b - Ensorcelled Hibernation        Hexes/Ice                    2
   c - Confuse                        Hexes                        3
   d - Tukima's Dance                 Hexes                        3
   e - Dazzling Spray                 Conjuration/Hexes            3
 t - a book of Conjurations

   Spells                             Type                      Level
   a - Magic Dart                     Conjuration                  1
   b - Searing Ray                    Conjuration                  2
   c - Dazzling Spray                 Conjuration/Hexes            3
   d - Fulminant Prism                Conjuration/Hexes            4
   e - Force Lance                    Conjuration/Translocation    4
   f - Iskenderun's Mystic Blast      Conjuration                  4
Comestibles
 d - 6 bread rations
 g - 6 fruits
 k - 2 royal jellies
 p - 2 chunks of flesh
 B - a meat ration


   Skills:
 + Level 4.5 Fighting
 - Level 2.0 Short Blades
 - Level 1.7 Dodging
 - Level 4.0 Stealth
 * Level 5.4 Unarmed Combat
 - Level 2.7 Spellcasting
 - Level 4.0 Hexes
 + Level 2.9 Invocations


You had 7 spell levels left.
You knew the following spells:

 Your Spells              Type           Power        Failure   Level  Hunger
a - Confuse               Hex            ###.....     11%         3    ###....
z - Ensorcelled Hibernat  Hex/Ice        #.....       12%         2    ##.....


Dungeon Overview and Level Annotations

Branches:
Dungeon (7/15)             Temple (0/1) D:6

Altars:
Makhleb


Innate Abilities, Weirdness & Mutations

You have very sharp fingernails.
You are partially covered in thin metallic scales. (AC +2)
You regenerate a little health from kills.
You sometimes gain a little power by taking damage.
You have a pair of small horns on your head.
You have sharp toenails.
You have supernaturally acute eyesight. (SInv)
Your flesh is cold resistant. (rC+)
You are frail. (-10% HP)
Potions are less effective at restoring your health.


Message History

You hear an angry growl.
You feel sick.
You hear an angry growl.
You feel sick.
You feel sick.
Casting: Ensorcelled Hibernation
Confirm with . or Enter, or press ? or * to list all spells.
You can't see any susceptible monsters within range! (Use Z to cast anyway.)
Casting: Ensorcelled Hibernation
Confirm with . or Enter, or press ? or * to list all spells.
Aiming: Confuse
Press: ? - help, Shift-Dir - straight line, f - black bear
Aim: a black bear (severely wounded, berserk, fast, unusually strong, chance to defeat MR: 47%)
The black bear resists with some effort.
You feel sick. The black bear bites you!
* * * LOW HITPOINT WARNING * * *
The black bear claws you.
* * * LOW HITPOINT WARNING * * *
The black bear claws you.
You die...

.######...#####.#..#
.).................#
...................#
.............[...#.#
.##.###..!#####.##.##
.##.# #...†.....#...#
# #.# #...######.#
###.# #...# #.# #
....# #.h.#
##@###.### #####
#...# #.h.......
#...# #.##.##.##
######.######.....#..
........h...#........
#.####?####.......#..
#. ##....).#.## #.
#...#....# #.
#..###.###


You could see a black bear (berserk).

Vanquished Creatures
  2 sky beasts
  An ogre (D:5)
  A bullfrog (D:6)
  5 killer bees (D:7)
  A bullfrog skeleton (D:6)
  An orc priest (D:3)
  3 hounds
  An iguana (D:6)
  3 worker ants
  Robin (D:3)
  11 gnolls
  7 adders
  4 oozes
  An adder skeleton (D:5)
  3 worms
  2 dart slugs
  5 leopard geckos
  7 orcs
  A ball python (D:2)
  10 bats
  6 giant cockroaches
  16 goblins
  10 hobgoblins
  4 jackals (D:2)
  2 quokkas
  4 frilled lizards
  A jackal skeleton (D:7)
  11 kobolds
  A leopard gecko skeleton (D:6)
  7 rats
132 creatures vanquished.

Notes
Turn   | Place    | Note
-------+----------+-------------------------------------------
     0 | D:1      | nublet the Demonspawn Enchanter began the quest for the Orb.
     0 | D:1      | Reached XP level 1. HP: 13/13 MP: 3/3
    25 | D:1      | Reached skill level 1 in Short Blades
   244 | D:1      | Gained mutation: You are partially covered in thin metallic scales. (AC +2) [demonic ancestry]
   244 | D:1      | Reached XP level 2. HP: 9/19 MP: 3/5
   445 | D:1      | Learned a level 2 spell: Ensorcelled Hibernation
   799 | D:1      | Gained mutation: You regenerate a little health from kills. [demonic ancestry]
   799 | D:1      | Reached XP level 3. HP: 24/24 MP: 6/6
   821 | D:1      | Learned a level 3 spell: Confuse
  1327 | D:2      | Gained mutation: You have sharp fingernails. [demonic ancestry]
  1327 | D:2      | Reached XP level 4. HP: 22/31 MP: 7/7
  1385 | D:2      | Reached skill level 1 in Fighting
  1819 | D:2      | Gained mutation: You have very sharp fingernails. [demonic ancestry]
  1819 | D:2      | Reached XP level 5. HP: 34/37 MP: 8/8
  1929 | D:2      | Found a burning altar of Makhleb.
  1939 | D:2      | Became a worshipper of Makhleb the Destroyer
  2538 | D:4      | Reached skill level 1 in Unarmed Combat
  2606 | D:3      | Noticed Robin
  2610 | D:3      | Killed Robin
  2632 | D:3      | Reached * piety under Makhleb
  2809 | D:3      | Reached XP level 6. HP: 33/44 MP: 1/9
  2855 | D:3      | Reached skill level 2 in Unarmed Combat
  3235 | D:5      | Entered Level 5 of the Dungeon
  3235 | D:5      | Noticed a sky beast
  3244 | D:4      | Killed a sky beast
  3244 | D:4      | Reached skill level 3 in Unarmed Combat
  3247 | D:4      | Gained mutation: You are frail. (-10% HP) [mutagenic meat]
  3248 | D:4      | Gained mutation: You have sharp toenails. [mutagenic meat]
  3249 | D:4      | Gained mutation: You have a pair of small horns on your head. [mutagenic meat]
  3250 | D:4      | Gained mutation: Your mind is acute. (Int +2) [mutagenic meat]
  3387 | D:5      | Reached XP level 7. HP: 46/46 MP: 11/11
  3550 | D:6      | Reached skill level 4 in Unarmed Combat
  3554 | D:6      | Lost mutation: Your mind is acute. (Int +2) [mutagenic meat]
  3555 | D:6      | Gained mutation: You have supernaturally acute eyesight. (SInv) [mutagenic meat]
  3556 | D:6      | Gained mutation: Your flesh is cold resistant. (rC+) [mutagenic meat]
  3558 | D:6      | Gained mutation: Potions are less effective at restoring your health. [mutagenic meat]
  3606 | D:5      | Reached ** piety under Makhleb
  3791 | D:6      | Reached skill level 1 in Invocations
  3799 | D:6      | Found a staircase to the Ecumenical Temple.
  4084 | D:7      | Reached skill level 5 in Unarmed Combat
  4099 | D:7      | Gained mutation: You sometimes gain a little power by taking damage. [demonic ancestry]
  4099 | D:7      | Reached XP level 8. HP: 49/54 MP: 12/12
  4131 | D:7      | HP: 1/54 [black bear (6)]
  4131 | D:7      | Slain by a black bear

Vault maps used:
D:1:      saegor_arrival_miasma, minmay_hedge_maze, minmay_misc_feat_x
D:2:      lightli_temple_of_fire
D:3:      eino_curves_02, minmay_crystal_water, hex_intersection, uniq_robin
D:4:      brannock_xom_greatest_gift
D:5:      first_bread, nicolae_ashenzari_panopticon
D:6:      minmay_temple_entry_nine_rooms

Skill      XL: |  1  2  3  4  5  6  7 |
---------------+----------------------+-----
Short Blades   | 1 2 |  2.0
Stealth        | 3 4 |  4.0
Fighting       | 1 2 3 4 |  4.5
Hexes          | 4 |  4.0
Unarmed Combat | 1 3 5 |  5.4
Invocations    | 2 |  2.9
Dodging        | |  1.7
Spellcasting   | |  2.7

Action                   |  1- 3 |  4- 6 |  7- 9 || total
-------------------------+-------+-------+-------++-------
Melee: Dagger            |   103 |   157 |    47 ||   307
       Unarmed           |       |    79 |     4 ||    83
       Kick              |       |     3 |    10 ||    13
       Headbutt          |       |     3 |     5 ||     8
 Cast: Corona            |    14 |     2 |       ||    16
       Ensorcelled Hiber |    23 |    62 |    39 ||   124
       Confuse           |       |     2 |     5 ||     7
  Use: Scroll            |       |     8 |     2 ||    10
       Potion            |       |     2 |       ||     2
 Stab: Sleeping          |    20 |    43 |    22 ||    85
       Confused          |       |     1 |       ||     1
       Distracted        |       |       |     1 ||     1
  Eat: Chunk             |     3 |    15 |    10 ||    28
Armor: Robe              |    30 |    45 |    11 ||    86
       Leather armour    |       |    37 |       ||    37
Dodge: Dodged            |    62 |   182 |    37 ||   281

Table legend:
 A = Spawn XP
 B = Non-spawn XP
 C = Spawn XP percentage of total XP
 D = Spawn monster count
 E = Non-spawn monster count
 F = Spawn count percentage of total count
 G = Total turns spent on level
                    A         B        C        D         E        F      G
               +---------+---------+-------+---------+---------+-------+---------
         Total |       0 |    1588 |   0.0 |       0 |     132 |   0.0 |  4131
               +---------+---------+-------+---------+---------+-------+---------
           D:1 |       0 |      68 |   0.0 |       0 |      27 |   0.0 |  1115
           D:2 |       0 |     134 |   0.0 |       0 |      31 |   0.0 |   986
           D:3 |       0 |     228 |   0.0 |       0 |      40 |   0.0 |   828
           D:4 |       0 |     202 |   0.0 |       0 |       4 |   0.0 |   321
           D:5 |       0 |     138 |   0.0 |       0 |       7 |   0.0 |   221
           D:6 |       0 |     454 |   0.0 |       0 |      14 |   0.0 |   452
           D:7 |       0 |     364 |   0.0 |       0 |       9 |   0.0 |   208
               +---------+---------+-------+---------+---------+-------+---------
